 Dungeon Crawl Stone Soup version 0.29.1-15-g9cfb28693d (webtiles) character file.

Game seed: 1231434788448567731

7 Heoruswealwe the Digger (level 1, -1/10 HPs)
             Began as a Deep Elf Earth Elementalist on Mar 25, 2023.
             Slain by a frilled lizard (3 damage)
             ... on level 1 of the Dungeon.
             The game lasted 00:01:20 (104 turns).

Heoruswealwe the Digger (DEEE)                       Turns: 104, Time: 00:01:20

Health: -1/10      AC:  2    Str:  5    XL:     1   Next: 83%
Magic:  0/6        EV: 12    Int: 19    God:
Gold:   0          SH:  0    Dex: 15    Spells: 5/6 levels left

rFire   . . .      SeeInvis .   (no weapon)
rCold   . . .      Faith    .   (no shield)
rNeg    . . .      Spirit   .   a - +0 robe
rPois   .          Reflect  .   (no helmet)
rElec   .          Harm     .   (no cloak)
rCorr   .          Rampage  .   (no gloves)
Will    .....                   (no boots)
Stlth   ++........              (no amulet)
HPRegen 0.03/turn               (no ring)
MPRegen 0.10/turn               (no ring)

@: no status effects
A: no striking features
a: no special abilities


You were on level 1 of the Dungeon.
You visited 1 branch of the dungeon, and saw 1 of its levels.

Inventory:

Armour
 a - a +0 robe (worn)
Magical Staves
 c - a staff of death
Potions
 b - a potion of magic


   Skills:
 - Level 2.4 Dodging
 - Level 2.4 Stealth
 * Level 3.3 Spellcasting
 + Level 1.3 Transmutations
 * Level 3.5 Earth Magic


You had 5 spell levels left.
You knew the following spells:

 Your Spells              Type           Power      Damage    Failure   Level
a - Sandblast             Erth           32%        2d9       3%          1

Your spell library contained the following spells:

 Spells                   Type           Power      Damage    Failure   Level
 Passwall                 Tmut/Erth      10%        N/A       9%          2
 Stone Arrow              Conj/Erth      18%        3d8       22%         3
 Petrify                  Tmut/Erth      12%        N/A       47%         4


Dungeon Overview and Level Annotations

Branches:
Dungeon (1/15)

Altars:
Sif Muna


Message History

You see here a jackal corpse.
A frilled lizard comes into view.
The frilled lizard hisses angrily.
You miscast Sandblast.
You are very lightly contaminated with residual magic.
Nothing appears to happen.
The blast of sand misses the frilled lizard.
The frilled lizard misses you.
The frilled lizard bites you but does no damage.
The frilled lizard attacks as you move away!
The frilled lizard bites you. The frilled lizard closely misses you.
Your magical contamination has completely faded away.
The frilled lizard attacks as you move away!
The frilled lizard bites you.
* * * LOW HITPOINT WARNING * * *
You are too injured to fight recklessly!
Casting: Sandblast (safe; 3% risk of failure)
Confirm with . or Enter, or press ? or * to list all spells.
Aiming: Sandblast (safe; 3% risk of failure)
Press: ? - help, Shift-Dir - straight line, f/p - frilled lizard
Aim: a frilled lizard (70% to hit)
The blast of sand misses the frilled lizard.
The frilled lizard bites you but does no damage.
The frilled lizard attacks as you move away!
The frilled lizard barely misses you.
The frilled lizard attacks as you move away!
The frilled lizard bites you.
* * * LOW HITPOINT WARNING * * *
You see here a jackal corpse.
The frilled lizard attacks as you move away!
The frilled lizard completely misses you.
Casting: Sandblast (safe; 3% risk of failure)
Confirm with . or Enter, or press ? or * to list all spells.
Aiming: Sandblast (safe; 3% risk of failure)
Press: ? - help, Shift-Dir - straight line, f/p - frilled lizard
Aim: a frilled lizard (70% to hit)
The blast of sand misses the frilled lizard.
The frilled lizard bites you.
You die...

.#.♣♣♣ ♣.....###...
.#.......####..#..# .
#####....##### ##.#.#
... #......#
#...####..# #......#
##......>##
####.....##
#######........#
.........#
##....†..######...
.........#
#####.l#.#####
...#<..#####....@##.#
...##..####.........#
≈~......##..#########
≈~~~....##.##
≈≈~~~...#..#
≈≈≈~~~....##
≈≈≈≈≈~...##
≈≈≈≈≈≈~..# ≈≈≈≈≈≈≈..#


You could see a frilled lizard.

Vanquished Creatures
  An endoplasm (D:1)
  3 jackals (D:1)
  A quokka (D:1)
5 creatures vanquished.

Notes
Turn   | Place    | Note
-------+----------+-------------------------------------------
     0 | D:1      | Heoruswealwe the Deep Elf Earth Elementalist began the
                  | quest for the Orb.
     0 | D:1      | Reached XP level 1. HP: 10/10 MP: 6/6
    17 | D:1      | Found a shimmering blue altar of Sif Muna.
   104 | D:1      | Slain by a frilled lizard

Illustrated notes

Levels and vault maps discovered:
D:1:      dpeg_arrival_water_altar, layout_rooms,
          shapermc_ecumenical_altar_rom_forum,
          hangedman_abyss_or_decor_lesser_grid, nrook_campfire, minmay_cupped

Action                   || total
-------------------------++-------
 Cast: Sandblast         ||    12
Armor: Robe              ||     4
Dodge: Dodged            ||    12
